 Dungeon Crawl Stone Soup version 0.31-a0-177-g4aa6249778 (webtiles) character file.

Game seed: 10856836738622864141

1290 qw the Skirmisher (level 8, 0/74 HPs)
             Began as a Naga Hunter on June 18, 2023.
             Slain by a jelly (2 damage)
             ... on level 6 of the Dungeon.
             The game lasted 00:01:59 (5164 turns).

qw the Skirmisher (Naga Hunter)                     Turns: 5164, Time: 00:02:00

Health: 0/74       AC:  9    Str: 14    XL:     8   Next: 55%
Magic:  8/8        EV: 15    Int: 13    God:
Gold:   214        SH:  0    Dex: 19    Spells: 7/7 levels left

rFire   + . .        Y - +0 shortbow (flame)
rCold   . . .        (shield currently unavailable)
rNeg    + + .        a - +2 leather armour of the Modern People {Drain rN++ Dex+3}
rPois   +            c - +1 helmet {Int+3}
rElec   .            m - +0 cloak
rCorr   .            (no gloves)
SInv    +            (no barding)
Will    +....        i - amulet of faith
Stlth   ++           g - +5 ring of evasion
HPRegen 0.32/turn    n - ring of protection from fire
MPRegen 0.11/turn

%: faith
@: about to teleport, short of breath, mesmerised, very slow
A: AC +2, large, see invisible, deformed body, poison resistance, slowness 2,
spit poison 1, naga tail 1
a: Spit Poison


You were on level 6 of the Dungeon.
You visited 1 branch of the dungeon, and saw 6 of its levels.
You also visited: Sewer.

You collected 324 gold pieces.
You spent 110 gold pieces at shops.


Innate Abilities, Weirdness & Mutations

Your serpentine skin is tough. (AC +2)
You have supernaturally acute eyesight. (SInv)
Armour fits poorly on your strangely shaped body.
Your system is resistant to poisons. (rPois)
You cover ground very slowly.
You can spit poison.
You have a snake-like lower body.


   Skills:
 - Level 5.3 Fighting
 + Level 8.4 Ranged Weapons
 - Level 1.1 Armour
 - Level 2.4 Dodging
 - Level 1.5 Stealth


You had 7 spell levels left.
You didn't know any spells.
Your spell library was empty.

Inventory:

Hand Weapons
 Y - a +0 shortbow of flaming (weapon)
Armour
 a - the +2 leather armour of the Modern People (worn) {Drain rN++ Dex+3}
   (You found it on level 3 of the Dungeon)

   Dex:       It affects your dexterity (+3).
   rN:        It greatly protects you from negative energy.
   Drain:     It drains your maximum health when unequipped.
 c - a +1 helmet of intelligence (worn)
 m - a +0 cloak (worn)
Jewellery
 d - a ring of resist corrosion
 g - a +5 ring of evasion (left hand)
 i - an amulet of faith (around neck)
 l - an amulet of regeneration
 n - a ring of protection from fire (right hand)
 o - a ring of protection from cold
Scrolls
 k - 3 scrolls of identify
Potions
 b - 2 potions of might
 f - 8 potions of curing
 h - a potion of enlightenment

Dungeon Overview and Level Annotations

Branches:
Dungeon (6/15)              Sewer (visited)
 Temple: D:4-7

Altars:
Vehumet
Xom

Shops:
D:2 (**([   D:4 [

Annotations:
D:6 Maggie


Message History

The kobold hits you but does no damage. The jelly completely misses you.
The kobold hits you but does no damage. The orc barely misses you.
The kobold hits you with a +0 dagger. The kobold misses you.
Maggie hits you but does no damage.
You shoot an arrow.
The arrow hits the jelly but does no damage.
The jelly is almost dead.
You have got your breath back.
The white imp hits you. The white imp freezes you.
The kobold hits you but does no damage.
An ogre comes into view. It is wielding a +0 giant club.
The jelly closely misses you. The kobold closely misses you.
The orc closely misses you. The kobold misses you.
The kobold hits you but does no damage.
Maggie hits you from afar with a +0 halberd.
5162 ||| READING scroll of teleportation.
As you read the scroll of teleportation, it crumbles to dust.
You feel strangely unstable.
The ogre shouts!
The white imp misses you. The kobold misses you.
The jelly hits you but does no damage. The kobold hits you but does no damage.
The orc barely misses you. The kobold barely misses you.
The kobold hits you with a +0 dagger.
Maggie hits you from afar with a +0 halberd!
5163 ||| INVOKING Spit Poison.
Aiming: Spit Poison (1% risk of failure)
Press: ? - help, Shift-Dir - straight line, f - kobold, p - jelly The splash of poison hits the kobold!
The kobold is poisoned.
You kill the kobold!
The white imp misses you. The orc closely misses you.
The kobold closely misses you. The jelly misses you.
The kobold hits you but does no damage. The kobold barely misses you.
Maggie barely misses you.
You shoot an arrow.
The arrow hits the jelly but does no damage.
The jelly is almost dead.
The white imp gestures at you. The puff of frost misses you.
The orc hits you but does no damage. The kobold closely misses you.
The jelly hits you.
You die...

.... .. #..# .#
#####..##.#
#.........###.
#.............
#.........?.#
#...?.JK....#
#....K@K..#
#.....Ko55K#
.......KK@Y....
...............
.....$....O....
#..............
##...##.....#..
#### #.##.....


You could see Maggie (mesmerising), a sky beast (invisible), a kobold brigand,
an ogre, a jelly, a white imp, a shadow imp, an orc and 6 kobolds.

Vanquished Creatures
  A black bear (D:3)
  An ogre (D:5)
  5 kobold brigands (Sewer)
  A phantom (D:5)
  Blork the orc (D:4)
  A scorpion (D:4)
  A howler monkey (D:5)
  3 hounds
  A gnoll bouda (D:5)
  3 iguanas (D:5)
  3 orc wizards
  Robin (D:2)
  9 adders
  3 gnolls (D:5)
  A river rat (Sewer)
  6 worms
  3 dart slugs
  11 orcs
  4 bats
  5 endoplasms
  6 giant cockroaches
  9 goblins
  9 hobgoblins
  5 quokkas (D:4)
  11 ball pythons
  6 frilled lizards
  17 kobolds
  10 rats
137 creatures vanquished.

Vanquished Creatures (others)
  An adder (D:6)
1 creature vanquished.

Grand Total: 138 creatures vanquished

Notes
Turn   | Place    | Note
-------+----------+-------------------------------------------
     0 | D:1      | qw the Naga Hunter began the quest for the Orb.
     0 | D:1      | Reached XP level 1. HP: 19/19 MP: 1/1
     0 | D:1      | 0 ||| qw: Version: 0.3-a-5-g6f28e65
     0 | D:1      | 0 ||| qw: Game counter: 540
     0 | D:1      | 0 ||| qw: Always use a shield: true
     0 | D:1      | 0 ||| qw: God list: Okawaru
     0 | D:1      | 0 ||| qw: Allow faded altars: false
     0 | D:1      | 0 ||| qw: Do Orc after D:15 true
     0 | D:1      | 0 ||| qw: Do second Lair branch before Depths: true
     0 | D:1      | 0 ||| qw: Lair rune preference: random
     0 | D:1      | 0 ||| qw: Plans: Normal
     0 | D:1      | 0 ||| PLANNING D:1-11
    84 | D:1      | 84 ||| INVOKING Spit Poison.
    90 | D:1      | 90 ||| INVOKING Spit Poison.
    94 | D:1      | 94 ||| INVOKING Spit Poison.
    95 | D:1      | Reached skill level 4 in Ranged Weapons
    95 | D:1      | Reached XP level 2. HP: 22/26 MP: 2/2
   100 | D:1      | 100 ||| INVOKING Spit Poison.
   108 | D:1      | 108 ||| INVOKING Spit Poison.
   150 | D:1      | 150 ||| INVOKING Spit Poison.
   154 | D:1      | 154 ||| INVOKING Spit Poison.
   308 | D:1      | 308 ||| INVOKING Spit Poison.
   553 | D:1      | 553 ||| INVOKING Spit Poison.
   559 | D:1      | Found a faded altar of an unknown god.
   563 | D:1      | 563 ||| INVOKING Spit Poison.
   567 | D:1      | Reached XP level 3. HP: 32/32 MP: 3/3
   568 | D:1      | 568 ||| INVOKING Spit Poison.
   584 | D:1      | 584 ||| UPGRADING to amulet of faith.
   589 | D:1      | 589 ||| READING 2 scrolls labelled ECIPYAGRUO.
   590 | D:1      | 590 ||| READING scroll labelled SUTIPU OF YBA.
   591 | D:1      | 591 ||| READING scroll labelled INAIRA OTRIAPH.
   592 | D:1      | 592 ||| READING scroll labelled BEOZAO CALUXT.
   593 | D:1      | 593 ||| DROPPING scroll of fear.
   594 | D:1      | 594 ||| DROPPING scroll of butterflies.
   619 | D:2      | 619 ||| INVOKING Spit Poison.
   624 | D:2      | 624 ||| INVOKING Spit Poison.
   625 | D:2      | 625 ||| STAIRDANCE
   630 | D:1      | 630 ||| INVOKING Spit Poison.
   634 | D:1      | 634 ||| INVOKING Spit Poison.
   714 | D:2      | 714 ||| INVOKING Spit Poison.
   716 | D:2      | 716 ||| INVOKING Spit Poison.
   748 | D:2      | 748 ||| INVOKING Spit Poison.
   768 | D:2      | 768 ||| INVOKING Spit Poison.
   787 | D:2      | 787 ||| INVOKING Spit Poison.
   824 | D:2      | 824 ||| INVOKING Spit Poison.
   848 | D:2      | 848 ||| INVOKING Spit Poison.
   869 | D:2      | 869 ||| INVOKING Spit Poison.
   904 | D:2      | Noticed Robin
   905 | D:2      | 905 ||| Stepping ~*~*~tactically~*~*~ (outnumbered).
   907 | D:2      | 907 ||| Stepping ~*~*~tactically~*~*~ (outnumbered).
   908 | D:2      | 908 ||| INVOKING Spit Poison.
   910 | D:2      | 910 ||| Stepping ~*~*~tactically~*~*~ (outnumbered).
   912 | D:2      | 912 ||| INVOKING Spit Poison.
   917 | D:2      | Killed Robin
   918 | D:2      | Reached skill level 5 in Ranged Weapons
   918 | D:2      | Reached XP level 4. HP: 28/39 MP: 4/4
   918 | D:2      | 918 ||| INVOKING Spit Poison.
  1023 | D:2      | 1023 ||| INVOKING Spit Poison.
  1027 | D:2      | 1027 ||| INVOKING Spit Poison.
  1031 | D:2      | 1031 ||| INVOKING Spit Poison.
  1065 | D:2      | Found Zisuc's General Store.
  1067 | D:2      | 1067 ||| INVOKING Spit Poison.
  1074 | D:2      | 1074 ||| INVOKING Spit Poison.
  1179 | D:2      | Found Govvam's Armour Boutique.
  1185 | D:2      | 1185 ||| SHOPLISTING +1 cloak of willpower (214 gold, have
                  | 115).
  1185 | D:2      | 1185 ||| SHOPLISTING +4 skin of Zhor {*Englaciate rC+++
                  | SInv} (864 gold, have 115).
  1185 | D:2      | 1185 ||| SHOPLISTING +4 troll leather armour of
                  | Impermeability {rN+ Regen+ Dex+5} (737 gold, have 115).
  1189 | D:2      | Found Baypteadd's Weapon Shoppe.
  1253 | D:2      | 1253 ||| INVOKING Spit Poison.
  1258 | D:2      | 1258 ||| INVOKING Spit Poison.
  1272 | D:2      | 1272 ||| SHOPLISTING +5 ring of evasion (360 gold, have
                  | 128).
  1272 | D:2      | 1272 ||| BUYING potion of curing (30 gold).
  1272 | D:2      | Bought a potion of curing for 30 gold pieces
  1272 | D:2      | 1272 ||| BUYING potion of curing (30 gold).
  1272 | D:2      | Bought a potion of curing for 30 gold pieces
  1272 | D:2      | 1272 ||| SHOPLISTING potion of haste (100 gold, have 68).
  1272 | D:2      | 1272 ||| SHOPLISTING ring of protection from cold (250
                  | gold, have 68).
  1272 | D:2      | 1272 ||| BUYING scroll of identify (20 gold).
  1272 | D:2      | Bought a scroll of identify for 20 gold pieces
  1272 | D:2      | 1272 ||| BUYING scroll of teleportation (30 gold).
  1272 | D:2      | Bought a scroll of teleportation for 30 gold pieces
  1294 | D:2      | Found Ypyuriack's Antique Weapon Emporium.
  1309 | D:2      | 1309 ||| INVOKING Spit Poison.
  1336 | D:2      | Found Fuzez's Assorted Antiques.
  1341 | D:2      | 1341 ||| SHOPLISTING clear potion (21 gold, have 18).
  1341 | D:2      | 1341 ||| SHOPLISTING emerald potion (21 gold, have 18).
  1341 | D:2      | 1341 ||| SHOPLISTING encrusted pearl ring (120 gold, have
                  | 18).
  1341 | D:2      | 1341 ||| SHOPLISTING scroll labelled URGHYW AFRICWICI (24
                  | gold, have 18).
  1341 | D:2      | 1341 ||| SHOPLISTING scroll of identify (48 gold, have 18).
  1341 | D:2      | 1341 ||| SHOPLISTING sedimented inky potion (21 gold, have
                  | 18).
  1360 | D:2      | 1360 ||| INVOKING Spit Poison.
  1434 | D:2      | 1434 ||| UPGRADING to +0 helmet.
  1439 | D:2      | 1439 ||| READING scroll labelled GEJOGHUANO.
  1540 | D:2      | 1540 ||| READING scroll labelled KAPTU VOAQ.
  1541 | D:2      | 1541 ||| READING 2 scrolls of identify.
  1541 | D:2      | 1541 ||| IDENTIFYING clear potion
  1542 | D:2      | 1542 ||| DROPPING potion of brilliance.
  1568 | D:3      | 1568 ||| INVOKING Spit Poison.
  1571 | D:3      | Identified the +2 leather armour of the Modern People
                  | {Drain rN++ Dex+3}
  1685 | D:3      | 1685 ||| INVOKING Spit Poison.
  1687 | D:3      | Reached skill level 3 in Fighting
  1694 | D:3      | 1694 ||| INVOKING Spit Poison.
  1700 | D:3      | Reached XP level 5. HP: 47/49 MP: 5/5
  1736 | D:3      | 1736 ||| INVOKING Spit Poison.
  1740 | D:3      | 1740 ||| INVOKING Spit Poison.
  1858 | D:3      | 1858 ||| INVOKING Spit Poison.
  1884 | D:3      | 1884 ||| INVOKING Spit Poison.
  1886 | D:3      | Noticed a black bear
  1890 | D:3      | 1890 ||| INVOKING Spit Poison.
  1894 | D:3      | 1894 ||| INVOKING Spit Poison.
  1898 | D:3      | HP: 12/49 [black bear (8)]
  1899 | D:3      | 1899 ||| READING scroll of teleportation.
  1901 | D:3      | 1901 ||| INVOKING Spit Poison.
  2219 | D:3      | 2219 ||| INVOKING Spit Poison.
  2321 | D:3      | 2321 ||| INVOKING Spit Poison.
  2325 | D:3      | 2325 ||| INVOKING Spit Poison.
  2402 | D:3      | 2402 ||| INVOKING Spit Poison.
  2442 | D:3      | 2442 ||| INVOKING Spit Poison.
  2445 | D:3      | 2445 ||| INVOKING Spit Poison.
  2452 | D:3      | 2452 ||| INVOKING Spit Poison.
  2452 | D:3      | HP: 11/49 [black bear (6)]
  2453 | D:3      | Killed a black bear
  2454 | D:3      | Reached skill level 6 in Ranged Weapons
  2454 | D:3      | Reached XP level 6. HP: 10/56 MP: 6/6
  2455 | D:3      | HP: 4/56 [worm (6)]
  2798 | D:3      | 2798 ||| UPGRADING to +2 leather armour of the Modern
                  | People {Drain rN++ Dex+3}.
  2808 | D:3      | 2808 ||| DROPPING +0 leather armour.
  2809 | D:3      | 2809 ||| UPGRADING to ring of resist corrosion.
  2810 | D:3      | 2810 ||| READING scroll labelled USECSIGHIF.
  2811 | D:3      | 2811 ||| READING 5 scrolls of identify.
  2811 | D:3      | 2811 ||| IDENTIFYING fuming black potion
  2812 | D:3      | 2812 ||| READING 4 scrolls of identify.
  2812 | D:3      | 2812 ||| IDENTIFYING pink potion
  2813 | D:3      | 2813 ||| READING 3 scrolls of identify.
  2813 | D:3      | 2813 ||| IDENTIFYING glowing amethyst potion
  2814 | D:3      | 2814 ||| DROPPING potion of lignification.
  2815 | D:3      | 2815 ||| DROPPING potion of attraction.
  2840 | D:4      | 2840 ||| PLANNING SEWER
  2867 | D:4      | 2867 ||| INVOKING Spit Poison.
  2899 | D:4      | 2899 ||| INVOKING Spit Poison.
  2924 | D:4      | Found a shimmering altar of Xom.
  2925 | D:4      | Found a shimmering altar of Xom.
  2926 | D:4      | Found a shimmering altar of Xom.
  2929 | D:4      | Found a shimmering altar of Xom.
  2988 | D:4      | Noticed Blork the orc
  2991 | D:4      | 2991 ||| INVOKING Spit Poison.
  2996 | D:4      | Killed Blork the orc
  3034 | D:4      | 3034 ||| INVOKING Spit Poison.
  3120 | D:4      | 3120 ||| INVOKING Spit Poison.
  3127 | D:4      | Found a glowing drain.
  3128 | D:4      | 3128 ||| INVOKING Spit Poison.
  3134 | D:4      | 3134 ||| INVOKING Spit Poison.
  3137 | D:4      | 3137 ||| INVOKING Spit Poison.
  3138 | D:4      | 3138 ||| READING scroll labelled URGHYW AFRICWICI.
  3139 | D:4      | 3139 ||| READING scroll labelled ISMELAM WYSIEWA.
  3140 | D:4      | 3140 ||| DRINKING 2 sedimented inky potions.
  3147 | Sewer    | Entered a sewer
  3176 | Sewer    | 3176 ||| INVOKING Spit Poison.
  3234 | Sewer    | 3234 ||| INVOKING Spit Poison.
  3247 | Sewer    | 3247 ||| INVOKING Spit Poison.
  3289 | Sewer    | 3289 ||| INVOKING Spit Poison.
  3304 | Sewer    | 3304 ||| INVOKING Spit Poison.
  3307 | Sewer    | 3307 ||| INVOKING Spit Poison.
  3361 | Sewer    | 3361 ||| INVOKING Spit Poison.
  3366 | Sewer    | 3366 ||| INVOKING Spit Poison.
  3371 | Sewer    | Reached XP level 7. HP: 64/64 MP: 7/7
  3422 | Sewer    | 3422 ||| INVOKING Spit Poison.
  3429 | Sewer    | 3429 ||| INVOKING Spit Poison.
  3436 | Sewer    | 3436 ||| INVOKING Spit Poison.
  3527 | Sewer    | 3527 ||| INVOKING Spit Poison.
  3529 | Sewer    | Reached skill level 7 in Ranged Weapons
  3544 | Sewer    | 3544 ||| INVOKING Spit Poison.
  3550 | Sewer    | 3550 ||| INVOKING Spit Poison.
  3553 | Sewer    | 3553 ||| INVOKING Spit Poison.
  3556 | Sewer    | 3556 ||| INVOKING Spit Poison.
  3603 | Sewer    | 3603 ||| INVOKING Spit Poison.
  3664 | Sewer    | 3664 ||| INVOKING Spit Poison.
  3690 | Sewer    | 3690 ||| INVOKING Spit Poison.
  3714 | Sewer    | 3714 ||| READING scroll labelled LOLAMU VEUXO.
  3715 | Sewer    | 3715 ||| DRINKING 3 orange potions.
  3740 | D:4      | 3740 ||| PLANNING D:1-11
  3751 | D:4      | 3751 ||| INVOKING Spit Poison.
  3755 | D:4      | 3755 ||| INVOKING Spit Poison.
  3759 | D:4      | 3759 ||| Stepping ~*~*~tactically~*~*~ (outnumbered).
  3760 | D:4      | 3760 ||| INVOKING Spit Poison.
  3854 | D:4      | 3854 ||| INVOKING Spit Poison.
  3861 | D:4      | 3861 ||| INVOKING Spit Poison.
  3897 | D:4      | 3897 ||| INVOKING Spit Poison.
  3900 | D:4      | Found Papnirch's Armour Shoppe.
  3901 | D:4      | 3901 ||| INVOKING Spit Poison.
  3910 | D:4      | 3910 ||| SHOPLISTING +1 barding (330 gold, have 145).
  3910 | D:4      | 3910 ||| SHOPLISTING +5 leather armour of the Ancient
                  | Demons {rElec} (451 gold, have 145).
  4173 | D:4      | 4173 ||| INVOKING Spit Poison.
  4217 | D:4      | 4217 ||| INVOKING Spit Poison.
  4342 | D:4      | 4342 ||| UPGRADING to +1 helmet of intelligence.
  4352 | D:4      | 4352 ||| DROPPING +0 helmet.
  4353 | D:4      | 4353 ||| DROPPING +6 ring of intelligence.
  4354 | D:4      | 4354 ||| UPGRADING to ring of protection from fire.
  4405 | D:5      | Entered Level 5 of the Dungeon
  4414 | D:5      | 4414 ||| INVOKING Spit Poison.
  4415 | D:5      | 4415 ||| INVOKING Spit Poison.
  4416 | D:5      | Reached XP level 8. HP: 72/72 MP: 8/8
  4436 | D:5      | 4436 ||| INVOKING Spit Poison.
  4438 | D:5      | Reached skill level 8 in Ranged Weapons
  4448 | D:5      | 4448 ||| INVOKING Spit Poison.
  4452 | D:5      | 4452 ||| INVOKING Spit Poison.
  4457 | D:5      | 4457 ||| INVOKING Spit Poison.
  4461 | D:5      | 4461 ||| INVOKING Spit Poison.
  4486 | D:5      | 4486 ||| INVOKING Spit Poison.
  4587 | D:5      | 4587 ||| INVOKING Spit Poison.
  4611 | D:5      | 4611 ||| INVOKING Spit Poison.
  4614 | D:5      | 4614 ||| INVOKING Spit Poison.
  4621 | D:5      | 4621 ||| INVOKING Spit Poison.
  4671 | D:5      | 4671 ||| INVOKING Spit Poison.
  4678 | D:5      | 4678 ||| INVOKING Spit Poison.
  4683 | D:5      | 4683 ||| INVOKING Spit Poison.
  4689 | D:5      | 4689 ||| INVOKING Spit Poison.
  4692 | D:5      | HP: 14/74 [gnoll/+0 spear[a gnoll bouda] (7)]
  4693 | D:5      | 4693 ||| READING 2 scrolls of teleportation.
  4694 | D:5      | 4694 ||| DRINKING potion of heal wounds.
  4695 | D:5      | 4695 ||| INVOKING Spit Poison.
  4873 | D:5      | 4873 ||| INVOKING Spit Poison.
  4880 | D:5      | Found a radiant altar of Vehumet.
  4886 | D:5      | 4886 ||| INVOKING Spit Poison.
  4985 | D:5      | 4985 ||| INVOKING Spit Poison.
  4989 | D:5      | 4989 ||| INVOKING Spit Poison.
  5131 | D:5      | 5131 ||| UPGRADING to +0 cloak.
  5136 | D:5      | 5136 ||| UPGRADING to ring of protection from cold.
  5138 | D:5      | 5138 ||| UPGRADING to +5 ring of evasion.
  5140 | D:5      | 5140 ||| READING scroll labelled PIPRA SICKOEPP.
  5144 | D:6      | Noticed Maggie
  5145 | D:6      | 5145 ||| INVOKING Spit Poison.
  5152 | D:6      | 5152 ||| INVOKING Spit Poison.
  5155 | D:6      | Reached skill level 1 in Armour
  5158 | D:6      | 5158 ||| INVOKING Spit Poison.
  5161 | D:6      | HP: 18/74 [white imp (1)]
  5162 | D:6      | 5162 ||| READING scroll of teleportation.
  5162 | D:6      | HP: 2/74 [Maggie/+0 halberd (8)]
  5163 | D:6      | 5163 ||| INVOKING Spit Poison.
  5164 | D:6      | Slain by a jelly

Levels and vault maps discovered:
D:1:      saegor_arrival_simple_b, layout_basic, basic_ecumenical_altar
D:2:      layout_loops_ring, serial_shops, shop, shop_fountains, shop, shop,
          shop, uniq_robin
D:3:      layout_loops_corners, kennysheep_minor_cross,
          chequers_serial_rivers_marsh, minmay_pentomino_pile
D:4:      layout_loops_corners, xom_redecorated, serial_shops,
          nicolae_shop_statue_plus, gup_sewer_entry_pipe, uniq_blork_the_orc
D:5:      layout_basic, mainiacjoe_overflow_six_doors_small
D:6:      layout_rooms, minmay_overflow_temple_star_quad,
          grunt_gozag_breadcrumbs, nemelex_altar_shiori,
          minmay_temple_entry_slanted, chequers_arboretum, uniq_maggie

Skill      XL: |  1  2  3  4  5  6  7  8 |
---------------+-------------------------+-----
Ranged Weapons | 4 5 6 7 8 |  8.4
Fighting       | 3 4 5 |  5.3
Dodging        | 2 |  2.4
Armour         | 1 |  1.1
Stealth        | |  1.5

Action                     |  1- 3 |  4- 6 |  7- 9 || total
---------------------------+-------+-------+-------++-------
   Fire: Shortbow          |    52 |   149 |   135 ||   336
Ability: Spit Poison       |    24 |    43 |    44 ||   111
    Use: Scroll            |     4 |    10 |     4 ||    18
         Potion            |       |     1 |     2 ||     3
 Armour: Leather armour    |     7 |    21 |    59 ||    87
  Dodge: Dodged            |    16 |    55 |    98 ||   169

Table legend:
 A = Non-vault XP
 B = Vault XP
 C = Vault XP percentage of total XP
 D = Non-vault monster count
 E = Vault monster count
 F = Vault count percentage of total count
                 A         B        C        D         E       F
            +---------+---------+-------+---------+---------+-------
      Total |     986 |     857 |  46.5 |      85 |      52 |  38.0
            +---------+---------+-------+---------+---------+-------
        D:1 |      48 |       0 |   0.0 |      20 |       0 |   0.0
        D:2 |      62 |      30 |  32.6 |      23 |       9 |  28.1
        D:3 |      89 |     142 |  61.5 |      10 |       7 |  41.2
        D:4 |     116 |     101 |  46.5 |      12 |       8 |  40.0
        D:5 |     585 |       0 |   0.0 |      17 |       0 |   0.0
        D:6 |      86 |       0 |   0.0 |       3 |       0 |   0.0
      Sewer |       0 |     584 | 100.0 |       0 |      28 | 100.0
            +---------+---------+-------+---------+---------+-------
